[Event "Dutch Open 2022"]
[Site "Dieren"]
[Date "2022.07.27"]
[Round "2.3"]
[White "Maatman, Nick"]
[Black "Sekar, B."]
[Result "0-1"]
[ECO "E49"]
[WhiteElo "2368"]
[BlackElo "2241"]
[Annotator "TA"]
[PlyCount "172"]
[EventDate "2022.07.14"]
[EventType "swiss"]
[EventCountry "NED"]
[SourceTitle "playchess.com"]
[Source "ChessBase"]
[SourceQuality "1"]
[TimeControl "40/5400+30:1800+30"]

1. c4 e6 2. Nc3 d5 3. d4 Bb4 4. e3 Nf6 5. a3 Bxc3+ 6. bxc3 O-O 7. Bd3 dxc4 8. Bxc4 c5 9. Ne2 Qc7 10. Ba2 b6 {[%emt 0:22:06] E49: Nimzo-Indian: Rubinstein: 5 Bd3 d5 6 a3 Bxc3+ 7 bxc3.} 11. O-O Ba6 12. f3 {[%emt 0:00:00] Recently 12.Bb2 got a lot of attention.} Nc6 {[%emt 0:01:42] Black has an edge.} 13. Rf2 Rfd8 14. Qa4 Na5 15. e4 Qd7 16. Qxd7 Rxd7 17. Be3 Bc4 {[%emt 0:01:07] [#]} 18. Nc1 $146 ({Predecessor:} 18. g4 Bxa2 19. Rxa2 Nc4 20. Bf4 Rc8 21. Rf1 Ne8 22. Rb1 f5 23. gxf5 exf5 24. exf5 {½-½ (42) Kuvachev,A (2405)-Vornanen,A (2353) ICCF email 2008}) 18... Bxa2 19. Rfxa2 cxd4 20. cxd4 Rc8 21. Ne2 Rdc7 22. Kf1 Ne8 23. Bf4 Rc4 24. Rd1 Nc7 25. Rad2 Kf8 26. d5 exd5 27. exd5 {[%emt 0:00:00] Strongly threatening d6.} Rd8 28. Bg3 Rc5 29. d6 Ne6 {[%emt 0:00:21] White must now prevent ...Nc4.} 30. d7 (30. Nd4 $11 {keeps the balance.}) 30... Nc4 $17 {[%emt 0:00:14][%csl LRa3,LRd2] aiming for ...Kg8.} 31. Rd3 $1 Rc6 32. Nc3 ({Better is} 32. Rc1 $15) 32... Nc5 {[%emt 0:06:19] Pair of Knights!} 33. Nb5 (33. Bh4 $2 f6 34. Rd4 Ne3+ 35. Ke2 Nxd1 36. Rxd1 Rxd7 37. Rxd7 Nxd7 $19) (33. Bd6+ $17 {keeps fighting.} Rxd6 34. Rxd6) 33... Nxd3 $19 34. Rxd3 Ke7 35. Nxa7 Rc5 36. Bf2 Rc7 (36... Rxd7 37. Bxc5+ bxc5 38. Nc6+ Ke6 39. Nd8+ Ke7 40. Nc6+ Ke6 41. Nd8+ Ke7 42. Nc6+ $11) 37. Nc8+ Ke6 38. Nxb6 Nxb6 39. Bxb6 {[%emt 0:00:03][%mdl 4096] Endgame KRR-KRB} Rc1+ 40. Kf2 Rc2+ 41. Kg3 Rxd7 42. Rxd7 Kxd7 {[%emt 0:00:06] KR-KB} 43. a4 Ra2 44. a5 Ke6 45. h4 (45. Bc7 $142) 45... h5 46. Kh3 Ra4 47. Kg3 g6 48. Kh3 Ke5 49. Kg3 Ra2 50. Bc7+ Kd4 51. Kf4 $2 (51. Bb6+ {is more resistant.} Kc4 52. Kh2) 51... Rxg2 52. a6 Ra2 53. Bb6+ Kd3 ({Not} 53... Kd5 $2 54. a7 $19) 54. a7 f6 55. Bc5 Ra4+ 56. Kg3 Kc4 57. Bb6 Kd5 58. Be3 Ke6 59. Bd4 Kf5 60. Be3 g5 61. Bd4 Ra2 62. Be3 Ra3 63. Bc5 Ra6 64. Be3 Ra1 65. Bd4 Ra4 66. Bc5 g4 ({Stronger than} 66... gxh4+ 67. Kh3) 67. Be3 $2 {[%emt 0:00:48] [#]} (67. fxg4+ $19 Rxg4+ 68. Kf3) 67... Ra3 $2 (67... gxf3 $1 {mates} 68. Kxf3 Ke5 69. Ke2 Ke4 70. Bc5 Ra2+ 71. Kd1 f5 72. Ke1 Kf3 73. Bd4 f4 74. Kf1 Kg3 75. Bg1 Ra1+ 76. Ke2 f3+ 77. Kd3 f2 78. a8=Q f1=Q+ 79. Kd4 Qxg1+ 80. Kc4 Rxa8 81. Kd5 Ra5+ 82. Kc4 Qc5+ 83. Kd3 Ra3+ 84. Ke2 Qf2+ 85. Kd1 Ra1#) 68. Bc5 $17 Ra4 (68... Rxf3+ $2 69. Kg2 Rc3 {[#]} 70. a8=Q $1 $18) (68... Ra5 $15 69. fxg4+ hxg4) 69. Bd4 $2 {[%emt 0:00:45] Black continues to play with concentration.} gxf3 $19 70. Kxf3 Ra3+ 71. Kg2 $2 (71. Kf2) 71... Ke6 $2 (71... Kg4 72. Kf1 f5) 72. Bc5 $2 (72. Kf2) 72... Ra6 $2 (72... Ra2+ 73. Kf3 Kd5) 73. Kf3 $2 (73. Bd4) 73... Kd5 74. Bb6 Ke5 75. Bc5 {[%emt 0:00:49] Prevents Ra3+.} f5 (75... Ra4 $142 76. Bb6 Kd6) 76. Ke3 $2 (76. Bb6 $19) 76... f4+ 77. Kd3 Kd5 78. Bb6 Ra3+ 79. Kc2 Kc4 {[%emt 0:00:34] ( -> ...Ra2+)} 80. Kb2 {[%emt 0:00:37] Prevents Ra2+.} Ra6 {[%emt 0:00:07] Black mates.} 81. Kc2 Ra2+ 82. Kb1 Kb3 83. Kc1 Kc3 84. Kd1 Kd3 85. Kc1 f3 86. Bc5 Ke2 {[%emt 0:00:10] Weighted Error Value: White=0.20 (precise) /Black=0.09 (flawless)} 0-1

[Event "Dutch Open 2022"]
[Site "Dieren"]
[Date "2022.07.27"]
[Round "2.5"]
[White "Zwirs, Jasper"]
[Black "Van Roon, Sjoerd"]
[Result "0-1"]
[ECO "B33"]
[WhiteElo "2105"]
[BlackElo "2310"]
[Annotator "TA"]
[PlyCount "60"]
[EventDate "2022.07.14"]
[EventType "swiss"]
[EventCountry "NED"]
[SourceTitle "playchess.com"]
[Source "ChessBase"]
[SourceQuality "1"]
[TimeControl "40/5400+30:1800+30"]

1. e4 {[%emt 0:00:04] Bulletin} c5 2. Nf3 Nc6 3. d4 cxd4 4. Nxd4 Nf6 5. Nc3 e5 6. Ndb5 d6 7. Bg5 a6 8. Na3 b5 9. Bxf6 gxf6 10. Nd5 f5 11. c3 Bg7 12. exf5 Bxf5 13. Nc2 O-O 14. Nce3 Be6 15. Bd3 f5 16. Qh5 e4 17. Bc2 Ne7 18. Bb3 Nxd5 {[%emt 0:12:28] B33: Sicilian: Pelikan and Sveshnikov Variations.} 19. Nxd5 {[%emt 0:18:46] [#]} Be5 $146 ({Predecessor:} 19... a5 20. Nf4 Bxb3 21. axb3 Qe7 22. O-O b4 23. cxb4 Qe5 24. Qg5 axb4 25. Rad1 Ra2 26. Nh5 {½-½ (54) Adams,M (2620)-Beliavsky,A (2620) Debrecen 1992 EU-chT [Bulletin]}) 20. g3 Kh8 {[%emt 0:14:58] The position is equal.} 21. Ne3 (21. Nf4 $11 Bxb3 22. axb3 (22. Ng6+ Kg7 $17) 22... Bxf4 23. gxf4) 21... Qf6 (21... Qd7 $15 22. O-O-O a5) 22. Bxe6 (22. O-O $11) 22... Qxe6 $17 23. Qd1 b4 {[%emt 0:13:36] Black is more active.} 24. Qd5 {[%emt 0:01:48] [#]} Qg6 ({Better is} 24... Qh6 $1 $17 25. Nc4 (25. Nxf5 $2 Qf6 $19) 25... bxc3 26. Nxe5 cxb2) 25. Nc4 $36 {[%emt 0:02:53][%mdl 2048] White is pushing.} Rae8 {[%emt 0:02:41] Hoping for ...f4.} 26. cxb4 f4 {[%emt 0:00:10][%cal Oe4e3] ...e3! is the strong threat.} 27. O-O-O $2 (27. Nxe5 $11 Rxe5 28. Qd4) 27... fxg3 $2 (27... Rc8 $19 28. Kb1 e3+ 29. Ka1 Bg7) 28. fxg3 $2 {[%emt 0:01:11] [#]} (28. hxg3 $11 Rc8 29. Kb1 e3+ 30. Ka1 exf2 31. Nxe5 dxe5 32. Qxe5+ Qg7 33. Qe2) 28... e3 $1 $17 {[%emt 0:03:41] And now ...e2 would win.} ({Stronger than} 28... Rc8 29. Kb1 e3+ 30. Ka1 $15 (30. Rd3 $2 Rxc4 31. Qxc4 e2 $19)) 29. Nxe5 $4 (29. Rhe1 $17 Bg7 30. Rxe3 (30. Rd3 $2 e2 $19)) 29... Rxe5 $19 30. Qxd6 (30. Qc4 $19 e2 31. Rde1) 30... Rc8+ {[%emt 0:00:07] Weighted Error Value: White=1.11/Black=0.31} 0-1

[Event "Dutch Open 2022"]
[Site "Dieren"]
[Date "2022.07.27"]
[Round "2.6"]
[White "Van Baar, Esper"]
[Black "Baselmans, Sam"]
[Result "1/2-1/2"]
[ECO "C81"]
[WhiteElo "2281"]
[BlackElo "2182"]
[Annotator "TA"]
[PlyCount "41"]
[EventDate "2022.07.14"]
[EventType "swiss"]
[EventCountry "NED"]
[SourceTitle "playchess.com"]
[Source "ChessBase"]
[SourceQuality "1"]
[TimeControl "40/5400+30:1800+30"]

1. e4 e5 2. Nf3 Nc6 3. Bb5 a6 4. Ba4 Nf6 5. O-O Nxe4 6. d4 b5 7. Bb3 d5 8. dxe5 Be6 9. Qe2 Be7 10. Rd1 {[%emt 0:03:39][%cal Oc2c4] White wants to play c4!} Na5 {[%emt 0:10:56] Inhibits c4. C81: Open Ruy Lopez: Keres Variation (9 Qe2).} 11. c3 {[%emt 0:10:37] has lost popularity (11.Nbd2).} Nxb3 12. axb3 c6 13. c4 ({White should try} 13. Nd4 $14) 13... O-O $11 14. Be3 {[%emt 0:21:08] [#] White got outplayed after the opening.  Weighted Error Value: White=0.20 (precise) /Black=0.10 (very precise)} {Predecessor:} Qc7 $146 15. Na3 Rfc8 16. Rac1 Qb8 17. Bf4 Nc5 18. cxb5 axb5 19. b4 Ra4 20. Bg5 Bxg5 21. Nxg5 {½-½ (36) Fermen,G-Gerard,A (1769) ICCF email 2011} 1/2-1/2

[Event "Dutch Open 2022"]
[Site "Dieren"]
[Date "2022.07.27"]
[Round "2.7"]
[White "Grutter, Tim"]
[Black "Shakhverdian, William"]
[Result "1-0"]
[ECO "C73"]
[WhiteElo "2246"]
[BlackElo "2040"]
[Annotator "TA"]
[PlyCount "97"]
[EventDate "2022.07.14"]
[EventType "swiss"]
[EventCountry "NED"]
[SourceTitle "playchess.com"]
[Source "ChessBase"]
[SourceQuality "1"]
[TimeControl "40/5400+30:1800+30"]

1. e4 e5 2. Nf3 Nc6 3. Bb5 a6 4. Ba4 d6 5. Bxc6+ bxc6 6. d4 exd4 7. Qxd4 c5 {[%emt 0:07:37] C73: Ruy Lopez: Deferred Steinitz: 5 Bxc6+.} 8. Qe3 {[%emt 0:02:17] [#]} g6 $146 ({Predecessor:} 8... Be7 9. Nc3 Bb7 10. O-O Nf6 11. h3 O-O 12. b3 Re8 13. Bb2 Bf8 14. Rfe1 Nxe4 15. Qf4 Nxc3 16. Bxc3 {0-1 (112) Hasangatin,R (2496)-Palchun,G (2441) Sochi 2017}) 9. Nc3 Bg4 (9... Bg7 $11 {keeps the balance.}) 10. b3 (10. e5 $16 {aiming for exd6+.} d5 11. Qe2) 10... Bg7 $11 11. Bb2 Ne7 12. O-O-O O-O 13. Na4 (13. Rhe1 {seems wilder.} Nc6 14. Nd5 a5 15. Bxg7 Kxg7 16. a4) 13... Bxb2+ 14. Nxb2 Nc6 15. Rd2 Qf6 (15... f5 $15) 16. e5 dxe5 17. Ng5 Nd4 18. Ne4 Qe7 (18... Qc6 $1 $11) 19. f3 Bf5 20. c3 Nb5 21. Nxc5 Rfd8 22. Rhd1 Rxd2 23. Rxd2 h5 {[%emt 0:04:46] Against g4} 24. Nc4 {[%emt 0:06:25] White is more active.} Nxc3 25. Qxe5 (25. Nxe5 {with more complications.} Nb5 26. g4 hxg4 27. fxg4 Bc8 28. Kb2) 25... Qxe5 26. Nxe5 {[%emt 0:00:01] Pair of Knights!} Re8 (26... Nb1 $16) 27. Ned3 ({White should try} 27. Nc6 $1 $18) 27... a5 $14 28. Kb2 Nd5 29. Nf2 Nf6 {[%emt 0:01:32] Prevents Nfe4.} (29... Re5 $11 {remains equal.}) 30. a4 $16 Re5 31. Nfd3 Rd5 32. Kc3 h4 33. g4 (33. Nb7 $1 $16) 33... hxg3 $14 34. hxg3 g5 (34... Bxd3 $14 35. Nxd3 Kg7) 35. g4 $16 Bxd3 36. Nxd3 {[%emt 0:00:07][%mdl 4096] Endgame KRN-KRN} Nd7 37. Nb2 Rc5+ 38. Nc4 Ne5 39. Rd8+ (39. Kd4 $6 Rxc4+ 40. Kxe5 Rc3 $11) 39... Kg7 40. Ra8 {[%emt 0:02:45] Hoping for Kd4.} ({Don't play} 40. Kd4 $6 Rxc4+ 41. Kxe5 Rc3 $11) 40... Nc6 41. Rc8 $1 Ne7 {[%emt 0:04:41] [#]} 42. Rb8 {[%emt 0:00:00] Rb7 is the strong threat.} Nc6 $2 {[%emt 0:06:02] [#] Loses the game.} (42... Kf6 $16 {might work better.}) 43. Rb7 $1 $18 Nd8 (43... Rd5 $142 44. Rxc7 Nb4) 44. Ra7 Kf6 45. Kd4 (45. Rxa5 $142 Rxa5 46. Nxa5) 45... Ne6+ 46. Ke4 Rc6 $2 (46... Ke7 47. Ra8 (47. Rxa5 f6 $18) (47. Nxa5 Rc3 $16) 47... f6 48. Rxa5 Rc6) 47. Rxa5 Nf4 48. Rf5+ Ke7 {[%emt 0:00:14] [#]} 49. Rxf7+ $3 {[%emt 0:00:00][%mdl 512] Weighted Error Value: White=0.17 (very precise) /Black=0.31} 1-0

[Event "Dutch Open 2022"]
[Site "Dieren"]
[Date "2022.07.27"]
[Round "2.8"]
[White "Manukonda Arun"]
[Black "Gilmanov, Mansur"]
[Result "0-1"]
[ECO "D40"]
[WhiteElo "2021"]
[BlackElo "2377"]
[Annotator "TA"]
[PlyCount "96"]
[EventDate "2022.07.14"]
[EventType "swiss"]
[EventCountry "NED"]
[SourceTitle "playchess.com"]
[Source "ChessBase"]
[SourceQuality "1"]
[TimeControl "40/5400+30:1800+30"]

1. d4 d5 2. c4 e6 3. Nc3 c5 4. e3 Nc6 5. Nf3 Nf6 6. Bd3 dxc4 7. Bxc4 a6 8. O-O b5 9. Bd3 Bb7 10. a4 b4 11. Ne4 {[%emt 0:01:57] D40: Queen's Gambit Declined: Semi-Tarrasch with 5 e3.} Nxe4 12. Bxe4 Qb6 {[%emt 0:04:32] [#]} 13. Ng5 $146 {[%emt 0:06:16] White is slightly better.} (13. a5 $5 Qb5 14. Bc2 cxd4 15. e4 $16 (15. Nxd4 Qe5 $16) (15. exd4 Be7 $11)) ({Predecessor:} 13. dxc5 Bxc5 14. b3 Rd8 15. Qe2 Na5 16. Bc2 Bd5 17. Rb1 f5 18. Ne5 O-O 19. Nd3 {0-1 (29) Kiraly,I (2170)-Eberth,Z (2230) Gyongyos 1998}) 13... Be7 14. Qh5 g6 15. Qh6 {[%emt 0:00:47] Strongly threatening Qg7.} Bf8 {[%emt 0:04:32] Against Qg7} 16. Qh4 Bg7 17. Qh3 {[%emt 0:05:23][%cal Og5e6] And now Nxe6! would win.} Nd8 18. Bxb7 Nxb7 19. a5 Qb5 20. b3 ({Better is} 20. Bd2 $11) 20... cxd4 21. exd4 Qf5 (21... Bxd4 $2 22. Nxe6 $1 Qd7 23. Nxd4 Qxh3 24. gxh3 $18) (21... Qd5 $15 {deserves consideration.} 22. Qf3 O-O) 22. Qxf5 $11 gxf5 23. Nf3 Nc5 24. Bh6 Bxh6 $17 25. dxc5 Ke7 26. Ra4 {[%emt 0:01:03] [#]} Rab8 27. g3 Rhc8 28. Ne5 (28. Rd1 $17) 28... Rxc5 $19 29. Nc4 {[%emt 0:00:02] [#]} Rxc4 $1 30. bxc4 {[%emt 0:00:01][%mdl 4096] Endgame KRR-KRB} b3 31. Rb1 Kd6 {[%emt 0:00:20][%mdl 1024] aiming for ...Kc5. Black has strong compensation. Black is more active.} 32. Kf1 {[%emt 0:01:01] [#]} (32. Ra3 $17 {is a better defense.} b2 33. c5+ Kc7 34. Kf1) 32... Kc5 $1 33. Ke2 b2 {[%emt 0:01:00] Hoping for ...Bc1.} 34. f4 $2 {[%emt 0:00:55] This move loses the game for White.} (34. Kd1 $17) 34... Bg7 35. Kd3 Rb3+ 36. Ke2 (36. Kc2 {was necessary.} Rf3 37. Rd1) 36... Bd4 37. Ra2 (37. Kd1 {might work better.}) 37... Kxc4 {[%emt 0:00:27] Threatens to win with ...Kc3.} 38. Ra4+ $2 (38. Kd2 Bf6 39. Ra4+ Kb5 40. Ra2) 38... Kc3 39. Kd1 Kd3 40. Ra2 f6 (40... Bc3 $142 41. h3 f6 42. h4 h5 43. Ra4 e5 44. Rc4 Kxc4 45. fxe5 fxe5 46. Ke2 Bxa5 47. g4 hxg4 48. Kf1 Bb6 49. h5 f4 50. Ke1 Kc3 51. Ke2 f3+ 52. Kd1 g3 53. Rxb2 Rxb2 54. Kc1 Be3+ 55. Kd1 Rb1#) 41. Ra4 e5 42. h3 e4 (42... Bc3 $142 43. fxe5 fxe5) 43. g4 fxg4 (43... Bc3 $142 44. Rc4 Kxc4 45. Ke2 Bxa5 46. gxf5 Rxh3 47. Rxb2 Rh2+ 48. Ke3 Rxb2 49. Kxe4 Re2+ 50. Kf3 Kd3 51. Kg3 Ke3 52. Kg4 Bc7 53. Kh5 Rh2+ 54. Kg4 h5+ 55. Kg3 Bxf4#) 44. hxg4 e3 45. Rxd4+ Kxd4 46. Kc2 Rb5 {[%emt 0:00:16] Black mates.} 47. Rd1+ Ke4 48. Kb1 e2 {[%emt 0:00:14] Weighted Error Value: White=0.99/Black=0.56} 0-1

[Event "Dutch Open 2022"]
[Site "Dieren"]
[Date "2022.07.27"]
[Round "2.9"]
[White "Burdalev, Kirill"]
[Black "Ypma, Peter"]
[Result "1/2-1/2"]
[ECO "D11"]
[WhiteElo "2381"]
[BlackElo "2346"]
[Annotator "TA"]
[PlyCount "75"]
[EventDate "2022.07.14"]
[EventType "swiss"]
[EventCountry "NED"]
[SourceTitle "playchess.com"]
[Source "ChessBase"]
[SourceQuality "1"]
[TimeControl "40/5400+30:1800+30"]

1. d4 d5 2. Nf3 Nf6 3. g3 Bf5 4. Bg2 e6 5. c4 c6 6. Nc3 h6 7. Qb3 {[%emt 0:00:04] now supersedes 7.0-0. D11: Slav Defence: 3 Nf3 sidelines and 3...Nf6 4 e3 Bg4.} Qb6 8. c5 Qxb3 9. axb3 a6 10. h3 Be7 11. g4 Bh7 12. Bf4 Ne4 13. b4 O-O {[%emt 0:00:45] [#]} 14. Nd2 $146 (14. e3 $11) ({Predecessor:} 14. Ne5 f6 15. Nd3 Nd7 16. f3 Ng5 17. e4 e5 18. Be3 Ne6 19. Ne2 Rfd8 20. Rd1 {0-1 (46) Liess,A (1915)-Ludvik,T (2212) Pardubice 2021}) 14... Nxd2 $1 $15 15. Kxd2 Bf6 16. e3 Nd7 17. Bd6 Rfe8 18. f4 Bh4 19. Bf1 Nf6 20. Bd3 Bxd3 21. Kxd3 Red8 22. Be7 Re8 23. Bxf6 Bxf6 24. h4 Be7 25. h5 f6 26. Rhf1 Rad8 27. Rae1 e5 28. Re2 ({Much worse is} 28. dxe5 fxe5 29. Rd1 (29. fxe5 Bh4 $15) 29... Bf6 $15) (28. Ne2 $14 {is superior.}) 28... Rd7 $11 {[%emt 0:00:00] The position is equal.} 29. dxe5 fxe5 30. fxe5 Bh4 31. Rf5 Bg3 32. e4 dxe4+ ({Don't do} 32... d4 33. Na4 $16) 33. Kxe4 Rde7 34. Kd4 Rd7+ 35. Kc4 {[%emt 0:00:00] [#] And now Ne4 would win.} Rde7 36. Kd4 Rd7+ 37. Ke4 Rde7 38. Kd4 {[%emt 0:09:30] Weighted Error Value: White=0.07 (flawless) /Black=0.05 (flawless)} 1/2-1/2

[Event "Dutch Open 2022"]
[Site "Dieren"]
[Date "2022.07.27"]
[Round "2.10"]
[White "De Winter, Arthur"]
[Black "Ochs, Daniel Elias"]
[Result "1-0"]
[ECO "B42"]
[WhiteElo "2150"]
[BlackElo "2156"]
[Annotator "TA"]
[PlyCount "39"]
[EventDate "2022.07.14"]
[EventType "swiss"]
[EventCountry "NED"]
[SourceTitle "playchess.com"]
[Source "ChessBase"]
[SourceQuality "1"]
[TimeControl "40/5400+30:1800+30"]

1. e4 c5 2. Nf3 e6 3. d4 cxd4 4. Nxd4 a6 5. Bd3 Qc7 6. O-O Nf6 7. Qe2 d6 8. f4 Nbd7 9. c4 g6 {[%emt 0:03:05] B42: Sicilian: Kan Variation: 5 Bd3.} 10. f5 e5 (10... Bg7 $14) 11. Nc2 {[%emt 0:00:00] White is more active.} Bg7 {[%emt 0:03:54] White is better.} 12. Nc3 {[%emt 0:00:00] [#]} Nc5 $146 (12... gxf5 $16 {might work better.} 13. Rxf5 Nc5) ({Predecessor:} 12... O-O 13. Ne3 b5 14. cxb5 axb5 15. Ncd5 Qb8 16. Bd2 Bb7 17. Bxb5 Nxd5 18. Nxd5 Bxd5 19. exd5 {½-½ (87) Jaracz,P (2456)-Quparadze,G (2463) Chess.com INT 2020}) 13. Ne3 gxf5 (13... Nxd3 {was worth a try.} 14. Qxd3 Qb6) 14. Ned5 $18 ({But not} 14. Nxf5 $6 Bxf5 15. Rxf5 Ne6 $18) ({Less strong is} 14. exf5 Nxd3 15. Qxd3 Qc5 $16) 14... Nxd5 15. Nxd5 Qd8 16. exf5 Bd7 17. Be3 Bc6 $2 (17... Nxd3 $2 18. Qxd3 e4 19. Qxe4+ Be5 20. Bb6 $18) (17... f6 18. b4 Na4) 18. f6 {[%emt 0:00:00] White is clearly winning.} Bf8 19. Bxc5 {[%emt 0:00:00] [#] Black must now prevent Bb6.} Bxd5 20. cxd5 {[%emt 0:00:00] Black did not feel at home in the position after the opening.  Weighted Error Value: White=0.15 (very precise) /Black=0.84} 1-0

[Event "Dutch Open 2022"]
[Site "Dieren"]
[Date "2022.07.27"]
[Round "2.11"]
[White "Binnendijk, Ferdinand"]
[Black "Baselmans, Luuk"]
[Result "1-0"]
[ECO "E46"]
[WhiteElo "2147"]
[BlackElo "2256"]
[Annotator "TA"]
[PlyCount "71"]
[EventDate "2022.07.14"]
[EventType "swiss"]
[EventCountry "NED"]
[SourceTitle "playchess.com"]
[Source "ChessBase"]
[SourceQuality "1"]
[TimeControl "40/5400+30:1800+30"]

1. d4 Nf6 2. c4 e6 3. Nc3 Bb4 4. e3 O-O 5. Nge2 c6 6. a3 {[%emt 0:00:05] E46: Nimzo-Indian: Rubinstein: 4 e3 0-0 5 Ne2 without early Bd3.} Ba5 7. Bd2 d5 8. Ng3 {[%emt 0:02:49] The position is equal.} Nbd7 9. cxd5 exd5 10. Bd3 Re8 11. Qc2 Nf8 {[%emt 0:04:44] [#]} 12. Nce2 $146 ({Predecessor:} 12. O-O Ng6 13. f3 Bd7 14. Na4 Bc7 15. Nc5 Bc8 16. b4 a6 17. Nb3 Qd6 18. f4 {0-1 (29) Tisaj,D (2239)-Grandelius,N (2691) Chess.com INT 2020}) 12... Bc7 13. f3 a5 14. O-O-O Ne6 15. Kb1 a4 (15... Rb8 $11) 16. Bc3 b6 17. Rhf1 Ba6 ({Black should play} 17... h5 $14) 18. Bxa6 $16 Rxa6 19. e4 $1 Ra8 {[%emt 0:05:21] [#]} (19... Bxg3 $16 {was called for.} 20. Nxg3 b5) 20. e5 $1 $18 Nd7 21. f4 Nef8 (21... c5 {was worth a try.} 22. Nf5 Qb8) 22. f5 c5 {[%emt 0:01:27] [#]} (22... f6 $142 23. e6 Nxe6) 23. f6 $1 cxd4 $2 (23... g6 24. Qd2 Ne6) 24. fxg7 $2 (24. Nxd4 gxf6 25. Ndf5 Rxe5 26. Nh6+ Kg7 27. Bxe5 Nxe5 28. Nh5+ Kh8 29. Rxf6) 24... dxc3 25. gxf8=Q+ Nxf8 (25... Rxf8 $142 26. Nxc3 Bxe5) 26. Nxc3 (26. Qf5 cxb2 27. Qxf7+ Kh8 $14) 26... Bxe5 27. Qf5 ({Resist} 27. Nxd5 Qc8) ({Don't take} 27. Rxd5 $6 Qc7 $16) ({White should try} 27. Nf5 $18) 27... d4 28. Qxf7+ Kh8 29. Nce4 {[%emt 0:02:54] White is much more active.} (29. Nf5 $16) 29... Qd7 (29... Ng6 $14) 30. Ng5 $16 {[%emt 0:03:35][%cal Be4g5,Bg5f7,Bf7h6][%mdl 32] Black must now prevent Qf3.} Qg4 {[%emt 0:04:22] Loses the game.} (30... Bxg3 $16 {is more resistant.} 31. Qxd7 (31. hxg3 Qxf7 32. Nxf7+ Kg8 $16) 31... Nxd7) 31. N3e4 $18 Rad8 32. Rd3 {[%emt 0:01:39] Rh3 is the strong threat.} Qd7 33. Qh5 {[%emt 0:00:36] Hoping for Rf7.} Kg8 34. Nf7 {[%emt 0:02:04] Threatening mate with Rg3+. Pair of Knights!} Qc6 35. Nh6+ Kg7 36. Qf7+ {[%emt 0:00:48] Weighted Error Value: White=0.28 (precise) /Black=0.83} 1-0

[Event "Dutch Open 2022"]
[Site "Dieren"]
[Date "2022.07.27"]
[Round "2.12"]
[White "Mollema, Thomas"]
[Black "Roorda, Thijs"]
[Result "1-0"]
[ECO "C01"]
[WhiteElo "2235"]
[BlackElo "2113"]
[Annotator "TA"]
[PlyCount "74"]
[EventDate "2022.07.14"]
[EventType "swiss"]
[EventCountry "NED"]
[SourceTitle "playchess.com"]
[Source "ChessBase"]
[SourceQuality "1"]
[TimeControl "40/5400+30:1800+30"]

1. e4 e6 2. d4 d5 3. exd5 exd5 4. Nf3 Nf6 5. Bd3 c5 6. O-O c4 7. Re1+ Be7 8. Bf1 O-O {[%emt 0:02:00] C01: French: Exchange Variation.} 9. b3 cxb3 10. axb3 Nc6 {[%emt 0:00:08] White has an edge.} 11. c3 Bg4 12. Nbd2 {[%emt 0:07:25][%cal Bb1d2,Bd2f1,Bf1e3][%mdl 32] [#]} Bd6 $146 ({Predecessor:} 12... Rc8 13. Bb2 Qc7 14. Bd3 Bd6 15. h3 Bh5 16. Ba3 Bxa3 17. Rxa3 Rfe8 18. Ra1 Rxe1+ 19. Qxe1 {½-½ (87) Stashis,A (1916)-Tarasenka,A (2033) Minsk 2021}) 13. Bd3 Qc7 14. h3 Bh5 15. Nf1 Rfe8 16. Rxe8+ Rxe8 17. Ne3 a6 18. Bd2 Ne7 19. Rc1 Ne4 20. Be1 {[%emt 0:02:43] [#]} (20. Bxe4 $11 dxe4 21. g4) 20... Bh2+ $1 $17 21. Kh1 {[%emt 0:01:34] Strongly threatening g4.} Bf4 22. c4 Bxe3 (22... Qd8 $17) 23. fxe3 $11 {[%emt 0:00:05] Black must now prevent cxd5.} Nf5 (23... Qd6 $11) 24. cxd5 $16 Qe7 25. Bxe4 (25. g4 $16 {Ne5 is the strong threat.} Nxe3 26. Qe2) 25... Qxe4 $11 26. Ng5 Bxd1 ({Don't do} 26... Qxg2+ 27. Kxg2 Bxd1 28. e4 Bxb3 29. exf5 $16) (26... Qxe3 $11 {remains equal.} 27. Qxh5 Qxe1+ 28. Rxe1 Rxe1+ 29. Kh2 Rh1+ 30. Kxh1 Ng3+ 31. Kg1 Nxh5) 27. Nxe4 $16 Bxb3 28. d6 {[%emt 0:00:06] Threatens to win with d7.} Ba4 (28... Nxe3 $2 29. d7 Ba4 30. dxe8=Q+ $18) (28... Be6 $16 {was worth a try.}) 29. Nc5 $1 $18 Bc6 30. d7 Rb8 (30... Bxd7 {is a better chance.} 31. Nxd7 h6) 31. d5 Bb5 32. Ba5 Ng3+ 33. Kh2 Nf1+ 34. Kg1 Ng3 (34... Nxe3 $142 35. d8=Q+ Rxd8 36. Bxd8 Nxd5 37. Nxb7 h6) 35. Kh2 Nf1+ {[%emt 0:00:08] [#]} 36. Rxf1 $1 Bxf1 {[%emt 0:00:39] [#]} 37. Nxb7 $1 {[%emt 0:01:16][%mdl 576] Back Rank, Promotion} Rxb7 {[%emt 0:00:22] Weighted Error Value: White=0.42/Black=0.54} (37... f5 38. Nd6) 1-0